 Dungeon Crawl Stone Soup version 0.16-a0-3612-g267631e (webtiles) character file.

143094 Demise101 the Unseen (level 16, -13/109 HPs)
             Began as a High Elf Wizard on Jan 12, 2015.
             Was the Champion of Makhleb.
             Mangled by Agnes
             ... wielding a +0 lajatang
              (25 damage)
             ... on level 1 of the Shoals on Jan 13, 2015.
             The game lasted 02:07:10 (42634 turns).

Demise101 the Unseen (High Elf Wizard)             Turns: 42634, Time: 02:07:10

Health: -13/109    AC: 10    Str:  6    XL:     16   Next: 82%
Magic:  32/34      EV: 21    Int: 25    God:    Makhleb [******]
Gold:   988        SH:  8    Dex: 24    Spells: 12 memorised, 2 levels left

rFire  + + +     SeeInvis .     a - +2 dagger (elec)
rCold  + . .     Clarity  .     M - +1 leather armour {MR+}
rNeg   . . .     SustAb   +     f - +1 buckler {rC+ rF+}
rPois  +         Gourm    .     q - +0 helmet
rElec  +         Spirit   .     e - +2 cloak of Clemo {rPois+ Regen+ Dex+5}
rCorr  .         Warding  .     (no gloves)
rMut   +         Stasis   .     k - +1 pair of boots
MR     ++...                    L - amulet of resist mutation
Stlth  +++++++...               A - ring of wizardry
                                m - ring of Jenu {SustAb +Blink +Inv rElec rF++}

@: very slightly contaminated, very resistant to hostile enchantments, extremely
stealthy
A: talons 1
a: Minor Destruction, Lesser Servant of Makhleb, Major Destruction, Greater
Servant of Makhleb, Renounce Religion, Evoke Blink, Evoke Invisibility


You were on level 1 of the Shoals.
You worshipped Makhleb.
Makhleb was exalted by your worship.
You were hungry.

You visited 5 branches of the dungeon, and saw 29 of its levels.
You also visited: Labyrinth, Sewer and Volcano.

You collected 2799 gold pieces.
You spent 1811 gold pieces at shops.

Inventory:

Hand weapons
 a - a +2 dagger of electrocution (weapon)
 b - a +3 blowgun
 t - a +2 dagger of venom
 v - the +4 dagger "Orb Guardian's Peril" {flame, rF++ Int+2 Stlth+}
   (You found it in a labyrinth)

   It emits flame when wielded, causing extra injury to most foes and up to half
   again as much damage against particularly susceptible opponents.
   It affects your intelligence (+2).
   It greatly protects you from fire.
   It makes you more stealthy.
Missiles
 U - 18 curare-tipped needles
Armour
 e - the +2 cloak of Clemo (worn) {rPois+ Regen+ Dex+5}
   (You bought it in a shop on level 12 of the Dungeon)

   It affects your dexterity (+5).
   It protects you from poison.
   It increases your rate of regeneration.
 f - a +1 buckler of resistance (worn)
 k - a +1 pair of boots (worn)
 q - a +0 helmet (worn)
 M - a +1 leather armour of magic resistance (worn)
Jewellery
 m - the ring of Jenu (left hand) {SustAb +Blink +Inv rElec rF++}
   (You found it on level 11 of the Dungeon)

   [ring of sustain abilities]

   It sustains your strength, intelligence and dexterity.
   It greatly protects you from fire.
   It insulates you from electricity.
   It lets you turn invisible.
   It lets you blink.
 A - a ring of wizardry (right hand)
 K - the amulet "Mnorhoih" {rMut Noisy rC++}
   (You found it on level 11 of the Dungeon)

   [amulet of resist mutation]

   It protects you from mutation.
   It greatly protects you from cold.
   It may make noises in combat.
 L - an amulet of resist mutation (around neck)
Magical devices
 c - a wand of disintegration (8)
 i - a wand of teleportation (2)
 s - a wand of fire (9)
 D - a wand of digging (6)
 I - a wand of cold (0)
 J - a wand of digging (14)
 N - a wand of hasting (5)
 Q - a wand of heal wounds (5)
 Y - a wand of disintegration (16)
Scrolls
 g - 12 scrolls of remove curse
 p - 8 scrolls of teleportation
 y - 2 scrolls of fear
 z - 3 scrolls of magic mapping
 R - 7 scrolls of fog
Potions
 h - a potion of invisibility
 j - 2 potions of restore abilities
 l - 3 potions of haste
 r - 11 potions of curing
 x - 3 potions of agility
 E - a potion of mutation {unknown}
 F - 2 potions of berserk rage
 H - 2 potions of might
 O - 2 potions of brilliance
 T - 5 potions of resistance
 V - a potion of heal wounds
 X - 2 potions of flight
Miscellaneous
 o - a fan of gales
Comestibles
 d - 7 bread rations
 n - 12 meat rations
 w - 10 slices of pizza


   Skills:
 - Level 10.3 Fighting
 - Level 10.1 Short Blades
 - Level 3.3 Armour
 - Level 10.1 Dodging
 + Level 17.3 Stealth
 - Level 5.2 Shields
 * Level 8.5 Spellcasting
 - Level 7.0 Conjurations
 * Level 11.8 Hexes
 - Level 0.8 Summonings
 - Level 3.5 Translocations
 - Level 3.1 Air Magic
 - Level 11.3 Invocations


You had 2 spell levels left.
You knew the following spells:

 Your Spells              Type           Power        Failure   Level  Hunger
a - Ensorcelled Hibernat  Hex/Ice        #####.       1%          2    None
b - Blink                 Tloc           N/A          1%          2    None
c - Mephitic Cloud        Conj/Pois/Air  ####....     1%          3    None
d - Iskenderun's Mystic   Conj           #####...     1%          4    ##.....
e - Invisibility          Hex            ######..     4%          6    ######.
f - Conjure Flame         Conj/Fire      ####....     1%          3    None
l - Apportation           Tloc           ####......   1%          1    None
n - Swiftness             Chrm/Air       ###.....     2%          2    None
p - Summon Butterflies    Summ           ###.....     1%          1    None
r - Repel Missiles        Chrm/Air       ###...       2%          2    None
v - Confuse               Hex            ######..     1%          3    None
A - Magic Dart            Conj           ####         1%          1    None


Dungeon Overview and Level Annotations

Branches:
Dungeon (15/15)            Temple (1/1) D:7            Lair (8/8) D:11
 Shoals (1/5) Lair:5       Spider (0/5) Lair:5        Slime (0/6) Lair:7
    Orc (4/4) D:10            Elf (0/3) Orc:4        Vaults (0/5) D:13
 Depths (0/5) D:15

Altars:
Ashenzari
Cheibriados
Dithmenos
Elyvilon
Fedhas
Gozag
Kikubaaqudgha
Makhleb
Nemelex Xobeh
Okawaru
Qazlal
Ru
Sif Muna
Trog
Vehumet
Xom
Yredelemnul
Zin
The Shining One
Beogh

Shops:
D:12 [   D:15 ?   Orc:2 (   Orc:4 :([*

Annotations:
Lair:2 exclusion: oklob plant
Lair:5 exclusion: 3 oklob plants
Shoals:1 Agnes
Orc:4 Josephine


Innate Abilities, Weirdness & Mutations

You have sharp toenails.


Message History

Agnes completely misses you.
You hit Agnes.
Agnes is severely wounded.
Agnes hits you with a lajatang!! Agnes closely misses you.
Read which item? (? for menu, Esc to quit)
As you read the scroll of fear, it crumbles to dust.
You assume a fearsome visage.
Agnes resists with some effort.
Agnes hits you with a lajatang!!
* * * LOW HITPOINT WARNING * * *
Read which item? (? for menu, Esc to quit)
Blink to where?
Press: ? - help, Dir - move target cursor, p - Agnes
As you read the scroll of blinking, it crumbles to dust.
Agnes mutters, "I could really go for a good breadfruit right now."
There is a staircase back to the Lair here.
Agnes hits you with a lajatang!!
* * * LOW HITPOINT WARNING * * *
Agnes hits you with a lajatang!!
You die...

≈≈≈≈≈≈≈≈≈≈≈
≈≈≈≈≈≈≈≈≈≈≈≈≈
≈≈≈≈≈≈≈≈≈≈≈≈≈≈≈
≈≈≈≈≈≈≈≈≈≈≈≈≈≈≈≈≈
≈≈≈≈≈≈≈≈≈≈≈≈≈≈≈≈≈≈
≈≈≈≈≈≈≈≈≈≈≈≈≈≈≈≈≈≈≈
≈≈≈≈.......≈≈≈≈≈≈≈≈
≈≈≈...#..#..≈≈≈≈≈≈≈≈
.≈≈≈≈..#@###.≈≈≈≈≈≈≈≈
.≈≈≈≈...i###..≈≈≈≈≈≈≈
≈≈≈.......##..≈≈≈≈≈≈≈
≈≈...##.....≈≈≈≈≈≈≈≈
...........≈≈≈≈≈≈≈≈≈
..###.......≈≈≈≈≈≈≈≈
##..###.≈≈≈≈≈≈≈≈
######.≈≈≈≈≈≈≈≈
##..≈≈≈≈≈≈≈≈


You could see Agnes.

Vanquished Creatures
  An orc warlord (Orc:4)
  Maud (Lair:7)
  A dire elephant (D:15)
  A minotaur (Lab)
  An ettin (Orc:4)
  2 vault guards (D:13)
  Fannar (D:10)
  6 hydras
  A great orb of eyes (D:15)
  4 centaur warriors
  2 tengu warriors (D:13)
  3 orc high priests (Orc:4)
  2 death yaks (Lair:5)
  A fire crab (Lair:7)
  2 wizards (D:13)
  8 hill giants
  4 lindwurms (D:11)
  2 necromancers (D:13)
  A salamander (D:15)
  A manticore (Lair:6)
  2 wolf spiders (Orc:2)
  3 orc sorcerers (Orc:4)
  3 cyclopes
  2 griffons
  12 ugly things
  3 orc knights (Orc:4)
  3 gargoyles
  4 black mambas
  Joseph (D:8)
  22 elephants
  3 toenail golems (Volcano)
  7 spiny frogs
  A torpor snail (Lair:5)
  A tengu conjurer (D:13)
  3 fire drakes (Lair:6)
  A kobold demonologist (D:15)
  7 komodo dragons
  7 trolls
  An elf (shapeshifter) (D:14)
  2 wandering mushrooms (Lair:7)
  A harpy skeleton (D:15)
  3 efreet
  5 polar bears
  3 two-headed ogres
  6 ravens (D:13)
  9 blink frogs
  6 basilisks
  A redback (Lair:5)
  A tarantella (Orc:2)
  9 wyverns
  6 deep elf magi
  16 spriggans
  A trapdoor spider (Lab)
  A centaur simulacrum (D:14)
  Eustachio (Orc:1)
  A wraith (D:12)
  48 yaks
  A hungry ghost (D:8)
  Grum (D:9)
  20 hippogriffs
  25 humans
  3 wargs
  12 water moccasins
  6 vampire mosquitoes (D:12)
  11 wolves
  A mottled dragon (D:14)
  An ice beast (D:12)
  2 phantoms
  28 orc warriors
  6 black bears
  15 porcupines
  6 sky beasts
  A spider (Orc:2)
  17 ogres
  3 wasps
  2 necrophages
  3 big kobolds
  19 centaurs
  16 giant frogs
  17 crocodiles
  A boring beetle (Lair:7)
  A gnoll sergeant (D:9)
  A water moccasin zombie (D:10)
  11 scorpions
  21 jellies
  16 killer bees
  4 crimson imps
  11 wights
  An electric eel (Lair:4)
  6 centaur zombies
  13 hounds
  29 orc priests
  3 giant frog zombies
  A goliath beetle (D:6)
  10 iguanas
  6 hell rats (Lair:5)
  3 centaur skeletons (D:12)
  3 giant frog skeletons
  24 orc wizards
  23 sheep
  11 worker ants
  A killer bee zombie (D:6)
  Ijyb (D:6)
  Jessica (D:2)
  2 hound zombies
  A sky beast zombie (D:7)
  Terence (D:3)
  2 mummies
  10 gnolls
  32 adders
  An ogre simulacrum (Orc:4)
  50 river rats
  3 shadow imps
  A giant mite (D:6)
  2 worms (D:2)
  2 adder skeletons
  An adder zombie (D:6)
  4 giant geckos
  5 oozes
  179 orcs
  2 bat skeletons
  A bat zombie (D:7)
  5 giant cockroaches
  28 goblins
  23 hobgoblins
  28 jackals
  39 kobolds
  12 quokkas
  6 ball pythons
  19 bats
  A giant gecko skeleton (D:9)
  A giant gecko zombie (D:5)
  16 giant newts
  2 giant spores
  6 orc zombies (Orc:4)
  2 quokka skeletons (D:4)
  A quokka zombie (D:5)
  16 rats
  4 ballistomycetes
  2 fungi
  A plant (Sewer)
1180 creatures vanquished.

Vanquished Creatures (collateral kills)
  3 hydras (Lair:8)
  4 spiny frogs
  A komodo dragon (Lair:8)
  A spriggan druid (Lair:8)
  3 polar bears (Lair:8)
  4 spriggans (Lair:8)
  3 redbacks (Lair:8)
  2 water moccasins (Lair:8)
  10 yaks (Lair:8)
  12 wolves (Lair:8)
  A wasp (Lair:8)
  2 crocodiles (Lair:8)
  A killer bee (D:10)
  An electric eel (Lair:4)
  2 adders (Lair:8)
  A plant (Lair:8)
51 creatures vanquished.

Vanquished Creatures (others)
  An orange demon (Lair:4)
  A smoke demon (Lair:4)
  A ynoxinul (Lair:5)
  An air elemental (Lair:6)
  2 neqoxecs (Lair:4)
  A centaur (D:10)
  A giant frog (D:10)
  A crimson imp (Lair:4)
  A shadow imp (Lair:4)
  2 orcs
  A ballistomycete (D:10)
  4 butterflies
  22 fungi
  3 plants
42 creatures vanquished.

Grand Total: 1273 creatures vanquished

Notes
Turn   | Place    | Note
--------------------------------------------------------------
     0 | D:1      | Demise101, the High Elf Wizard, began the quest for the Orb.
     0 | D:1      | Reached XP level 1. HP: 11/11 MP: 5/5
   521 | D:1      | Reached XP level 2. HP: 17/17 MP: 0/7
  1427 | D:2      | Reached skill level 4 in Spellcasting
  1596 | D:2      | Noticed Jessica
  1616 | D:2      | Reached XP level 3. HP: 11/21 MP: 6/11
  1623 | D:2      | Killed Jessica
  1628 | D:2      | Learned a level 3 spell: Mephitic Cloud
  1632 | D:2      | Learned a level 3 spell: Conjure Flame
  1635 | D:2      | Learned a level 2 spell: Blink
  2074 | D:2      | Reached XP level 4. HP: 27/27 MP: 10/14
  2743 | D:3      | Learned a level 2 spell: Repel Missiles
  2773 | D:3      | Found a stormy altar of Qazlal.
  2830 | D:3      | Reached skill level 1 in Air Magic
  3019 | D:3      | Reached XP level 5. HP: 31/31 MP: 7/17
  3102 | D:3      | Noticed Terence
  3119 | D:3      | Killed Terence
  3296 | D:3      | Reached skill level 5 in Spellcasting
  3563 | D:3      | Noticed a water elemental
  3564 | D:3      | Noticed an air elemental
  3564 | D:3      | Noticed a fire elemental
  3833 | D:4      | Noticed an ogre
  3834 | D:4      | Noticed a fire vortex
  3871 | D:3      | Killed an ogre
  3871 | D:3      | Reached XP level 6. HP: 17/36 MP: 8/20
  4246 | D:4      | Reached skill level 1 in Short Blades
  4580 | D:4      | Reached skill level 5 in Stealth
  5195 | D:4      | Reached XP level 7. HP: 37/41 MP: 6/21
  5636 | D:4      | Reached skill level 6 in Stealth
  5744 | D:5      | Entered Level 5 of the Dungeon
  6576 | D:5      | Reached skill level 7 in Stealth
  6576 | D:5      | Reached XP level 8. HP: 46/46 MP: 2/22
  6862 | D:5      | Reached skill level 5 in Conjurations
  7422 | D:5      | Found a basalt altar of Yredelemnul.
  7769 | D:6      | Reached skill level 8 in Stealth
  7814 | D:6      | Noticed Ijyb
  7829 | D:6      | Killed Ijyb
  7848 | D:6      | Reached skill level 5 in Short Blades
  7866 | D:6      | Found a glowing drain.
  7883 | Sewer    | Entered a sewer
  8671 | D:6      | Found a deep blue altar of Sif Muna.
  8918 | D:6      | Reached XP level 9. HP: 51/51 MP: 18/24
  8961 | D:6      | Found a bloodstained altar of Trog.
  9080 | D:6      | Reached skill level 5 in Dodging
  9229 | D:6      | Reached skill level 9 in Stealth
 10397 | D:7      | Found a sacrificial altar of Ru.
 10686 | D:7      | Found a burning altar of Makhleb.
 10848 | D:7      | Reached skill level 10 in Stealth
 11241 | D:7      | Found a staircase to the Ecumenical Temple.
 11247 | Temple   | Entered the Ecumenical Temple
 11362 | D:7      | Became a worshipper of Makhleb the Destroyer
 11536 | D:8      | Noticed Joseph
 11537 | D:8      | Found a blossoming altar of Fedhas.
 11563 | D:8      | Killed Joseph
 11795 | D:8      | Found an opulent altar of Gozag.
 11893 | D:8      | Reached XP level 10. HP: 54/56 MP: 19/26
 11929 | D:8      | Acquired Makhleb's first power
 12460 | D:9      | Noticed Grum
 12852 | D:9      | Killed Grum
 12877 | D:9      | Reached skill level 11 in Stealth
 13255 | D:9      | Acquired Makhleb's second power
 14131 | D:9      | Acquired Makhleb's third power
 14685 | D:10     | Entered Level 10 of the Dungeon
 14864 | D:9      | Reached skill level 12 in Stealth
 15283 | D:10     | Noticed Fannar
 15292 | D:10     | Killed Fannar
 15292 | D:10     | Reached XP level 11. HP: 61/61 MP: 19/27
 15786 | D:10     | Acquired Makhleb's fourth power
 15979 | D:10     | Reached skill level 1 in Fighting
 16121 | D:10     | Found a staircase to the Orcish Mines.
 16276 | D:10     | Found a roughly hewn altar of Beogh.
 16721 | D:11     | Reached skill level 1 in Invocations
 17004 | D:11     | Noticed a lindwurm
 17007 | D:11     | Noticed a lindwurm
 17008 | D:11     | Noticed a lindwurm
 17008 | D:11     | Noticed a lindwurm
 17008 | D:11     | Killed a lindwurm
 17010 | D:11     | Killed a lindwurm
 17012 | D:11     | Killed a lindwurm
 17013 | D:11     | Killed a lindwurm
 17013 | D:11     | Reached skill level 13 in Stealth
 17217 | D:11     | Got a translucent quarterstaff
 17218 | D:11     | Identified the +3 quarterstaff of the Forsaken Gods {crush, +Inv Str+3 Int+7} (You found it on level 11 of the Dungeon)
 17272 | D:11     | Got a coiled diamond amulet
 17275 | D:11     | Identified the amulet "Mnorhoih" {rMut Noisy rC++} (You found it on level 11 of the Dungeon)
 17283 | D:11     | Got a clouded iron ring
 17285 | D:11     | Identified the ring of Jenu {SustAb +Blink +Inv rElec rF++} (You found it on level 11 of the Dungeon)
 17510 | D:11     | Found a staircase to the Lair.
 17808 | D:11     | Learned a level 1 spell: Summon Butterflies
 17810 | D:11     | Learned a level 1 spell: Apportation
 17948 | D:11     | Acquired Makhleb's fifth power
 17954 | D:11     | Learned a level 4 spell: Iskenderun's Mystic Blast
 18181 | D:11     | Noticed a hill giant
 18196 | D:11     | Killed a hill giant
 18307 | Lair:1   | Entered Level 1 of the Lair of Beasts
 18349 | Lair:1   | Found a dark tunnel.
 18353 | Volcano  | Entered a volcano
 18486 | Volcano  | Reached skill level 5 in Fighting
 19078 | Lair:1   | Reached XP level 12. HP: 74/78 MP: 0/29
 20435 | Lair:2   | Noticed a five-headed hydra
 20456 | Lair:2   | Killed a five-headed hydra
 20456 | Lair:2   | Reached skill level 5 in Invocations
 21081 | Lair:3   | Reached skill level 14 in Stealth
 21287 | Lair:3   | Reached skill level 10 in Dodging
 22852 | Lair:4   | Noticed a five-headed hydra
 22938 | Lair:4   | Reached skill level 1 in Shields
 23312 | Lair:4   | Killed a five-headed hydra
 23742 | Lair:4   | Learned a level 6 spell: Invisibility
 23858 | Lair:4   | Noticed a six-headed hydra
 24040 | Lair:3   | Reached XP level 13. HP: 82/90 MP: 21/29
 25052 | Lair:5   | Found a snail-covered altar of Cheibriados.
 25144 | Lair:5   | Found a staircase to the Shoals.
 25186 | Lair:5   | Found a hole to the Spider Nest.
 26259 | Lair:5   | Reached skill level 10 in Fighting
 26758 | Lair:6   | Reached skill level 15 in Stealth
 26829 | Lair:6   | Reached skill level 1 in Hexes
 27954 | Lair:6   | Got a bloodstained halberd
 27971 | Lair:6   | Upgraded the game from 0.16-a0-3602-g9bd3662 to 0.16-a0-3607-g129694f
 28048 | Lair:6   | Found a deep blue altar of Sif Muna.
 29248 | Lair:6   | Gained mutation: You have sharp toenails. [potion of beneficial mutation]
 29276 | Lair:6   | Reached XP level 14. HP: 99/99 MP: 24/30
 29449 | Lair:7   | Found a staircase to the Slime Pits.
 29472 | Lair:7   | Reached skill level 5 in Shields
 29842 | Lair:7   | Reached skill level 5 in Hexes
 30645 | Lair:8   | Entered Level 8 of the Lair of Beasts
 31078 | Lair:8   | Noticed Maud
 31725 | Lair:7   | Killed Maud
 33305 | Lair:8   | Reached skill level 16 in Stealth
 33673 | Lair:1   | Learned a level 2 spell: Swiftness
 33901 | D:12     | Found Thruduqeo's Antique Armour Emporium.
 34053 | D:12     | Bought a warped cloak for 323 gold pieces
 34064 | D:12     | Identified the +2 cloak of Clemo {rPois Regen+ Dex+5} (You bought it in a shop on level 12 of the Dungeon)
 34066 | D:12     | Bought a pair of runed boots for 153 gold pieces
 34098 | D:12     | Found a shadowy altar of Dithmenos.
 34453 | D:12     | Reached skill level 10 in Invocations
 35915 | D:13     | Reached XP level 15. HP: 103/103 MP: 16/31
 36022 | D:13     | Identified a +0 rod of clouds (10/10) (You found it on level 13 of the Dungeon)
 36029 | D:13     | Found a gate to the Vaults.
 36275 | D:13     | Reached skill level 10 in Short Blades
 36275 | D:13     | Reached XP level 16. HP: 109/109 MP: 32/32
 36419 | D:13     | Found a basalt altar of Yredelemnul.
 37025 | D:14     | Reached skill level 10 in Hexes
 37391 | D:14     | You fall through a shaft!
 37391 | D:15     | Entered Level 15 of the Dungeon
 37391 | D:15     | Found Qiyts' Magic Scroll Shoppe.
 37391 | D:15     | Found a labyrinth entrance.
 37426 | D:15     | Identified a scroll of acquirement
 37434 | D:15     | Bought a scroll of identify for 22 gold pieces
 37434 | D:15     | Bought a scroll of fear for 38 gold pieces
 37434 | D:15     | Bought a scroll of magic mapping for 38 gold pieces
 37434 | D:15     | Bought a scroll of acquirement for 572 gold pieces
 37434 | D:15     | Bought a scroll of magic mapping for 38 gold pieces
 37434 | D:15     | Bought a scroll of blinking for 82 gold pieces
 37501 | Lab      | Entered a labyrinth
 37844 | Lab      | Identified Thuo's Collected Works on the Frigorific Oath
 37852 | Lab      | Learned a level 2 spell: Ensorcelled Hibernation
 37853 | Lab      | Got a jewelled dagger
 37855 | Lab      | Identified the +4 dagger "Orb Guardian's Peril" {flame, rF++ Int+2 Stlth+} (You found it in a labyrinth)
 38057 | D:15     | Found an opulent altar of Gozag.
 38310 | D:15     | Found a staircase to the Depths.
 38318 | D:15     | Reached skill level 17 in Stealth
 38980 | Orc:1    | Entered Level 1 of the Orcish Mines
 39202 | Orc:1    | Noticed Eustachio
 39210 | Orc:1    | Killed Eustachio
 39538 | Orc:2    | Found Mimij's Antique Weapon Shop.
 39782 | Orc:2    | Learned a level 3 spell: Confuse
 39853 | Orc:2    | Found a burning altar of Makhleb.
 40857 | Orc:4    | Entered Level 4 of the Orcish Mines
 40894 | Orc:4    | Found Khautiont's Book Boutique.
 41014 | Orc:4    | Bought the Guide on Lethal Weightlessness for 470 gold pieces
 41132 | Orc:4    | Found Cuecvalo's Antique Weapon Boutique.
 41256 | Orc:4    | Found Fiypsy's Antique Armour Shoppe.
 41597 | Orc:4    | Found Shracsis' General Store.
 41599 | Orc:4    | Found a staircase to the Elven Halls.
 41627 | Orc:4    | Bought a potion of heal wounds for 75 gold pieces
 41788 | Orc:4    | Found an iron altar of Okawaru.
 41827 | Orc:4    | Upgraded the game from 0.16-a0-3607-g129694f to 0.16-a0-3612-g267631e
 42131 | Orc:4    | Noticed Josephine
 42588 | Shoals:1 | Entered Level 1 of the Shoals
 42607 | Shoals:1 | Noticed Agnes
 42634 | Shoals:1 | Mangled by Agnes

Action                   |  1- 3 |  4- 6 |  7- 9 | 10-12 | 13-15 | 16-18 || total
-------------------------+-------+-------+-------+-------+-------+-------++-------
Melee: Hand axe          |     4 |       |       |       |       |       ||     4
       Unarmed           |    11 |       |       |       |       |       ||    11
       Dagger            |       |    77 |   383 |  1147 |  1515 |  1065 ||  4187
       Short sword       |       |       |       |    11 |       |       ||    11
       Rapier            |       |       |       |     1 |    34 |       ||    35
 Fire: Blowgun           |       |       |       |    18 |       |     3 ||    21
 Cast: Magic Dart        |    73 |   175 |   379 |   402 |   108 |       ||  1137
       Conjure Flame     |       |     4 |    31 |    34 |    11 |       ||    80
       Repel Missiles    |       |     1 |     2 |     3 |     4 |     2 ||    12
       Mephitic Cloud    |       |    18 |    34 |   101 |   112 |    31 ||   296
       Blink             |       |       |     4 |    44 |    24 |     4 ||    76
       Iskenderun's Myst |       |       |       |    39 |    79 |     7 ||   125
       Apportation       |       |       |       |       |     9 |       ||     9
       Summon Butterflie |       |       |       |       |     5 |       ||     5
       Invisibility      |       |       |       |       |     2 |     7 ||     9
       Ensorcelled Hiber |       |       |       |       |       |    22 ||    22
       Confuse           |       |       |       |       |       |     3 ||     3
Invok: Lesser Servant of |       |       |       |     4 |     1 |       ||     5
       Greater Servant o |       |       |       |       |     2 |       ||     2
       Minor Destruction |       |       |       |       |       |    13 ||    13
Evoke: Wand              |       |       |     1 |     4 |    23 |     2 ||    30
       Fan of gales      |       |       |       |       |     1 |       ||     1
  Use: Scroll            |     4 |     6 |     7 |    11 |     8 |     5 ||    41
       Potion            |       |     3 |     4 |     3 |     3 |       ||    13
 Stab: Confused          |       |     5 |    14 |    51 |    86 |    23 ||   179
       Sleeping          |       |       |     2 |    28 |    29 |    43 ||   102
       Distracted        |       |       |     1 |     1 |     6 |     3 ||    11
       Invisible         |       |       |       |       |     8 |    45 ||    53
  Eat: Chunk             |     3 |    11 |    14 |    12 |    33 |    23 ||    96
       Bread ration      |       |       |     2 |     2 |     2 |       ||     6
       Beef jerky        |       |       |       |     5 |       |       ||     5
       Fruit             |       |       |       |     8 |     2 |     1 ||    11
       Royal jelly       |       |       |       |     1 |     1 |     1 ||     3
       Meat ration       |       |       |       |     1 |     1 |       ||     2
